 Dungeon Crawl Stone Soup version 0.16.2-2-g470672f (webtiles) character file.

9195 Vanek666 the Cruncher (level 11, -1/102 HPs)
             Began as a Minotaur Gladiator on Aug 24, 2015.
             Killed from afar by an electric eel (12 damage)
             ... with a bolt of electricity
             ... on level 1 of the Lair of Beasts on Aug 25, 2015.
             The game lasted 00:37:47 (9632 turns).

Vanek666 the Cruncher (Minotaur Gladiator)          Turns: 9632, Time: 00:37:47

Health: -1/102     AC: 11    Str: 20      XL:     11   Next: 19%
Magic:  5/5        EV: 16    Int:  3      God:    Xom [*.....]
Gold:   579        SH:  0    Dex: 15 (16) Spells: 0 memorised, 10 levels left

rFire  . . .     SeeInvis .     O - +5 quarterstaff (chaos)
rCold  . . .     Clarity  .     R - +0 mottled dragon armour
rNeg   . . .     SustAb   .     (no shield)
rPois  .         Gourm    .     c - +0 hat
rElec  .         Spirit   .     s - +0 cloak
rCorr  .         Warding  .     (no gloves)
rMut   .         Stasis   .     t - +2 pair of boots
MR     .....                    Q - amulet of rage
Stlth  +.........               A - +2 ring of dexterity
                                (no ring)

@: drained, not resistant to hostile enchantments, very unstealthy
A: retaliatory headbutt, claws 1, horns 2, breathe flames 1, dopey 1
a: Renounce Religion, Breathe Fire, Evoke Berserk Rage


You were on level 1 of the Lair of Beasts.
You worshipped Xom.
You were a special plaything of Xom.
You were not hungry.

You visited 2 branches of the dungeon, and saw 11 of its levels.
You also visited: Sewer.

You collected 579 gold pieces.

Inventory:

Hand weapons
 r - a +0 hand axe
 O - a +5 quarterstaff of chaos (weapon)
Armour
 a - a +0 buckler
 c - a +0 hat (worn)
 s - a +0 cloak (worn)
 t - a +2 pair of boots (worn)
 R - a +0 mottled dragon armour (worn)
Jewellery
 A - a +2 ring of dexterity (right claw)
 Q - an amulet of rage (around neck)
Magical devices
 w - a wand of flame (33)
 B - a wand of teleportation (7)
 F - a wand of confusion (32)
 H - a wand of teleportation (5)
 S - a wand of fireball (7)
Scrolls
 d - a scroll of identify
 h - 4 scrolls of teleportation
 l - a scroll of amnesia {unknown}
 p - a scroll of enchant weapon
 u - 2 scrolls of fog
 v - 4 scrolls of fear {unknown}
 x - 2 scrolls of magic mapping
 y - a scroll of torment {unknown}
 D - 2 scrolls of random uselessness
 J - 2 scrolls of remove curse
 K - a scroll of vulnerability
 M - 2 scrolls of immolation
Potions
 e - 4 potions of restore abilities
 g - 2 potions of brilliance
 i - a potion of might
 j - 2 potions of haste
 n - 5 potions of curing {unknown}
 q - 3 potions of agility
 z - a potion of invisibility {unknown}
 C - a potion of heal wounds
 G - 2 potions of mutation {unknown}
 I - a potion of flight {unknown}
Books
 m - a book of Maledictions

   Spells                             Type                      Level
   a - Corona                         Hexes                        1
   b - Sure Blade                     Hexes/Charms                 2
   c - Ensorcelled Hibernation        Hexes/Ice                    2
   d - Confuse                        Hexes                        3
   e - Dazzling Spray                 Conjuration/Hexes            3
   f - Enslavement                    Hexes                        4
 L - a book of Unlife

   Spells                             Type                      Level
   a - Recall                         Summoning/Translocation      3
   b - Animate Dead                   Necromancy                   4
   c - Control Undead                 Necromancy                   4
   d - Cigotuvi's Embrace             Necromancy                   5
   e - Death Channel                  Necromancy                   6
   f - Simulacrum                     Ice/Necromancy               6
 P - a book of the Warp

   Spells                             Type                      Level
   a - Recall                         Summoning/Translocation      3
   b - Control Teleport               Charms/Translocation         4
   c - Force Lance                    Conjuration/Translocation    4
   d - Phase Shift                    Translocation                5
   e - Warp Weapon                    Charms/Translocation         5
   f - Gell's Gravitas                Hexes/Translocation          5
   g - Summon Forest                  Summoning/Translocation      5
Comestibles
 b - 2 beef jerkies
 f - 4 bread rations
 k - 6 slices of pizza
 o - a royal jelly
 N - 3 meat rations


   Skills:
 * Level 11.1(10.1) Fighting
 * Level 13.9(12.8) Staves
 - Level 2.0(1.2) Throwing
 * Level 5.8(5.0) Armour
 * Level 9.1(8.1) Dodging
 + Level 0.6(0.0) Evocations


You had 10 spell levels left.
You didn't know any spells.

Dungeon Overview and Level Annotations

Branches:
Dungeon (10/15)            Temple (0/1) D:7            Lair (1/8) D:10
    Orc (0/4) D:10

Altars:
Cheibriados
Dithmenos
Fedhas
Nemelex Xobeh
Ru
Sif Muna
Xom
The Shining One
Beogh


Innate Abilities, Weirdness & Mutations

You reflexively headbutt those who attack you in melee.
You have a pair of horns on your head.
You have sharp fingernails.
You can breathe flames.
You are dopey. (Int -2)


Message History

The electric eel resists.
The bolt of electricity hits you!
You sock the electric eel!
The electric eel flickers and vanishes!
Deactivating autopickup; reactivate with Ctrl-A.
Your headbutt misses something.
The electric eel shoots out a bolt of lightning at you!
The bolt of electricity hits you! x3
* * * LOW HITPOINT WARNING * * *
Found a long sword.
You closely miss the electric eel. Your headbutt misses the electric eel.
You sock the electric eel! You headbutt the electric eel.
You kill the electric eel!
You hear a splash.
The bolt of electricity hits you!
* * * LOW HITPOINT WARNING * * *
The bolt of electricity hits you!
* * * LOW HITPOINT WARNING * * *
The bolt of electricity hits something.
The bolt of electricity hits you!
You die... "What!?
That's it?"

#.. #...). #.....
#.... #....
##..>## ###...#.#
#...†...#
..###...{@..# .
............##...
.................
..#...#..........
#.#.......#.#.. #
###...##### #.<.#
##.#.# >.#...


There were no monsters in sight!

Vanquished Creatures
  Josephine (D:10)
  A hill giant (D:10)
  Prince Ribbit (D:6)
  12 yaks (D:9)
  4 wraiths (D:10)
  A mottled dragon (D:8)
  A steam dragon (D:7)
  6 hippogriffs
  Edmund (D:6)
  A spider (D:10)
  2 sky beasts
  6 orc warriors
  A porcupine (D:3)
  A centaur (D:6)
  4 ogres
  A wasp (D:8)
  2 phantoms (D:4)
  A necrophage (D:9)
  Duvessa (D:7)
  A giant frog (D:6)
  Blork the orc (D:6)
  A big kobold (Sewer)
  12 killer bees
  3 scorpions
  An electric eel (Lair:1)
  4 wights (D:10)
  Dowan (D:7)
  3 crimson imps
  2 quasits
  6 orc priests
  2 giant frog zombies
  4 goliath beetles
  4 jellies
  Crazy Yiuf (D:2)
  3 giant frog skeletons
  A centaur skeleton (D:4)
  5 hounds
  An orc wizard (D:7)
  9 worker ants
  Natasha (thrice) (D:3)
  6 iguanas
  Ijyb (D:7)
  3 hound skeletons
  7 gnolls
  5 adders
  2 river rats
  2 giant mites
  A worm (D:6)
  9 giant geckos
  An ooze (D:7)
  43 orcs
  9 bats
  3 bat skeletons
  A bat zombie (D:7)
  8 giant cockroaches
  18 goblins
  15 hobgoblins
  27 kobolds
  6 quokkas
  A ball python (D:1)
  A ball python skeleton (D:4)
  A giant cockroach zombie (D:5)
  6 giant newts
  A giant spore (D:10)
  7 jackals
  A jackal zombie (D:6)
  2 quokka skeletons
  2 quokka zombies (D:7)
  A rat (shapeshifter) (D:9)
  20 rats
  3 ballistomycetes (D:10)
329 creatures vanquished.

Vanquished Creatures (others)
  A centaur zombie (D:6)
1 creature vanquished.

Grand Total: 330 creatures vanquished

Notes
Turn   | Place    | Note
--------------------------------------------------------------
     0 | D:1      | Vanek666, the Minotaur Gladiator, began the quest for the Orb.
     0 | D:1      | Reached XP level 1. HP: 18/18 MP: 1/1
   166 | D:1      | Reached XP level 2. HP: 25/25 MP: 1/1
   327 | D:1      | Reached skill level 4 in Staves
   689 | D:2      | Reached XP level 3. HP: 25/31 MP: 2/2
  1344 | D:2      | Noticed Crazy Yiuf
  1381 | D:3      | Noticed an ogre
  1678 | D:2      | Killed Crazy Yiuf
  1678 | D:2      | Reached skill level 1 in Armour
  1678 | D:2      | Reached XP level 4. HP: 38/38 MP: 2/2
  1708 | D:3      | Killed an ogre
  1708 | D:3      | Reached skill level 5 in Staves
  1708 | D:3      | Reached XP level 5. HP: 10/46 MP: 2/2
  1746 | D:3      | Noticed Natasha
  1985 | D:3      | Killed Natasha
  2015 | D:3      | Found a blossoming altar of Fedhas.
  2117 | D:3      | Noticed Natasha
  2121 | D:3      | Killed Natasha
  2298 | D:3      | Noticed Natasha
  2301 | D:3      | Killed Natasha
  2541 | D:4      | Noticed Sigmund
  2547 | D:4      | Noticed a phantom
  2558 | D:3      | Noticed Sigmund
  2559 | D:3      | Killed Sigmund the porcupine
  2559 | D:3      | Reached XP level 6. HP: 7/53 MP: 3/3
  2835 | D:4      | Killed a phantom
  2835 | D:4      | Reached skill level 6 in Staves
  2883 | D:4      | Noticed a phantom
  2906 | D:4      | Reached skill level 5 in Dodging
  3129 | D:4      | Killed a phantom
  3129 | D:4      | Reached skill level 5 in Fighting
  3129 | D:4      | Reached XP level 7. HP: 33/61 MP: 2/3
  3395 | D:4      | Found a shimmering altar of Xom.
  3665 | D:5      | Entered Level 5 of the Dungeon
  3672 | D:5      | Found a sacrificial altar of Ru.
  3684 | D:5      | Reached skill level 7 in Staves
  3705 | D:5      | Found a glowing drain.
  3731 | Sewer    | Entered a sewer
  3897 | Sewer    | Found a white marble altar of Elyvilon.
  3995 | D:5      | Found a snail-covered altar of Cheibriados.
  4046 | D:5      | Found a shadowy altar of Dithmenos.
  4334 | D:5      | Reached skill level 8 in Staves
  4334 | D:5      | Reached XP level 8. HP: 70/70 MP: 3/3
  4602 | D:6      | Noticed Edmund
  4606 | D:6      | Killed Edmund
  4628 | D:6      | Found a sparkling altar of Nemelex Xobeh.
  4676 | D:6      | Noticed Blork the orc
  4685 | D:6      | Killed Blork the orc
  4685 | D:6      | Reached skill level 9 in Staves
  4831 | D:6      | Noticed Prince Ribbit
  4844 | D:6      | Killed Prince Ribbit
  5790 | D:7      | Reached XP level 9. HP: 81/81 MP: 4/4
  5813 | D:7      | Reached skill level 10 in Staves
  5922 | D:7      | Noticed Dowan
  5924 | D:7      | Noticed Duvessa
  5925 | D:7      | Noticed Ijyb
  5938 | D:7      | Killed Duvessa
  5944 | D:7      | Killed Dowan
  5952 | D:7      | Killed Ijyb
  5970 | D:7      | Found a glowing golden altar of the Shining One.
  6236 | D:4      | Became a worshipper of Xom of Chaos
  6490 | D:6      | XOM: harmless Divn miscast
  6523 | D:6      | XOM: harmless Erth miscast
  6614 | D:7      | XOM: silly message
  6691 | D:7      | XOM: 5-stop teleportation journey
  6696 | D:7      | Found a staircase to the Ecumenical Temple.
  6738 | D:7      | XOM: colour smoke trail
  6875 | D:7      | XOM: summons 5 hostile shadow creatures
  7040 | D:8      | Reached skill level 11 in Staves
  7092 | D:8      | XOM: silly message
  7180 | D:8      | XOM: harmless Trmt miscast
  7220 | D:8      | XOM: potion effect (invisibility)
  7225 | D:8      | XOM: cast spell 'Confusing Touch'
  7274 | D:8      | XOM: divination: detect items
  7553 | D:8      | Found a deep blue altar of Sif Muna.
  7581 | D:8      | XOM: colour smoke trail
  7870 | D:9      | Reached XP level 10. HP: 92/92 MP: 4/4
  7902 | D:9      | XOM: cast spell 'Stoneskin'
  7908 | D:9      | Reached skill level 12 in Staves
  7923 | D:9      | XOM: enchant monster (bad)
  7929 | D:9      | Reached skill level 10 in Fighting
  8132 | D:9      | Found a snail-covered altar of Cheibriados.
  8231 | D:9      | Reached skill level 5 in Armour
  8262 | D:9      | XOM: silly message
  8264 | D:9      | Reached skill level 13 in Staves
  8320 | D:9      | XOM: summons 1 hostile demon
  8496 | D:10     | Entered Level 10 of the Dungeon
  8506 | D:10     | XOM: mild Air miscast
  8534 | D:10     | XOM: harmless Ice miscast
  8546 | D:10     | XOM: harmless Air miscast
  8669 | D:10     | XOM: confusion
  8690 | D:10     | XOM: polymorph orc priest -> spider
  8718 | D:10     | Found a roughly hewn altar of Beogh.
  8728 | D:10     | Found a staircase to the Orcish Mines.
  8756 | D:10     | Noticed a hill giant
  8772 | D:10     | Killed a hill giant
  8798 | D:10     | XOM: swap weapons
  9101 | D:10     | Noticed Josephine
  9106 | D:10     | XOM: give mutations
  9106 | D:10     | Gained mutation: You can breathe flames. [Xom's mischief]
  9106 | D:10     | Gained mutation: You have sharp fingernails. [Xom's mischief]
  9106 | D:10     | Gained mutation: You are dopey. (Int -2) [Xom's mischief]
  9119 | D:10     | XOM: confuse monster(s)
  9127 | D:10     | Killed Josephine
  9127 | D:10     | Reached XP level 11. HP: 75/102 MP: 4/4
  9257 | D:10     | XOM: draining
  9362 | D:10     | XOM: confusion
  9424 | D:10     | Found a staircase to the Lair.
  9549 | D:10     | XOM: mild Ice miscast
  9621 | Lair:1   | Entered Level 1 of the Lair of Beasts
  9632 | Lair:1   | Killed from afar by an electric eel

Action                   |  1- 3 |  4- 6 |  7- 9 | 10-12 || total
-------------------------+-------+-------+-------+-------++-------
Melee: Quarterstaff      |    73 |    76 |   377 |   240 ||   766
       Hand axe          |       |       |       |     5 ||     5
 Abil: Evoke Berserk Rag |       |       |       |     2 ||     2
Evoke: Wand              |       |       |       |     1 ||     1
  Use: Scroll            |     3 |       |    17 |       ||    20
 Stab: Confused          |       |       |     3 |     3 ||     6
       Paralysed         |       |       |     2 |     4 ||     6
       Invisible         |       |       |     2 |       ||     2
       Petrifying        |       |       |     1 |     2 ||     3
  Eat: Chunk             |     1 |     3 |    17 |     7 ||    28
       Pizza             |     1 |       |       |       ||     1
